Workbook

Sheet Title Page
C4: VA-240322-PSLI - Mainframe Services - MOD. 1 | N4: Exhibit 4.1: Pricing and Volumes Matrix
C16: Exhibit 4.1 - MOD. 1 Pricing and Volumes Matrix
C17: Effective April 24, 2024
C22: VA-240322-PSLI - Mainframe Services
C25: COMMONWEALTH OF VIRGINIA
C26: VIRGINIA IT AGENCY (VITA)
C27: SUPPLIER STRATEGY AND PERFORMANCE DIVISION
C29: 7325 BEAUFONT SPRINGS DR.
C30: RICHMOND, VA, 23225

Sheet Total Estimated Charges
B1: VA-240322-PSLI - Mainframe Services
B2: Total Estimated Charges (Annual Amounts in $)
K5: Renewal Option 1 | N5: Renewal Option 2
B6: Resource Description | E6: Metric | F6: Contract Year 1 | G6: Contract Year 2 | H6: Contract Year 3 | I6: 3 Year Total | K6: Contract Year 4 | L6: 4 Year Total | N6: Contract Year 5 | O6: 5 Year Total
B7: Mainframe Services
C8: IBM Mainframe Services
D9: IBM Mainframe CPU Hour - General Purpose | E9: CPU Hour | F9: ='Monthly Unit Rates'!F9*'Estimated Volumes'!F9*12 -> 5615570 | G9: ='Monthly Unit Rates'!G9*'Estimated Volumes'!G9*12 -> 5719857.3 | H9: ='Monthly Unit Rates'!H9*'Estimated Volumes'!H9*12 -> 5940495.9 | I9: =SUM(F9:H9) -> 17275923 | K9: ='Monthly Unit Rates'!K9*'Estimated Volumes'!K9*12 -> 2528536.2 | L9: =SUM(I9:K9) -> 19804459 | N9: ='Monthly Unit Rates'!N9*'Estimated Volumes'!N9*12 -> 2561780.2 | O9: =SUM(L9:N9) -> 22366240
D10: IBM Mainframe CPU Hour - Specialty Engine | E10: CPU Hour | F10: ='Monthly Unit Rates'!F10*'Estimated Volumes'!F10*12 -> 267918.42 | G10: ='Monthly Unit Rates'!G10*'Estimated Volumes'!G10*12 -> 272893.96 | H10: ='Monthly Unit Rates'!H10*'Estimated Volumes'!H10*12 -> 283420.6 | I10: =SUM(F10:H10) -> 824232.98 | K10: ='Monthly Unit Rates'!K10*'Estimated Volumes'!K10*12 -> 306861.19 | L10: =SUM(I10:K10) -> 1131094.2 | N10: ='Monthly Unit Rates'!N10*'Estimated Volumes'!N10*12 -> 310895.66 | O10: =SUM(L10:N10) -> 1441989.8
D11: IBM Mainframe Storage - Tier 1 (Frequent Access) | E11: GB | F11: ='Monthly Unit Rates'!F11*'Estimated Volumes'!F11*12 -> 180859.48 | G11: ='Monthly Unit Rates'!G11*'Estimated Volumes'!G11*12 -> 181154.97 | H11: ='Monthly Unit Rates'!H11*'Estimated Volumes'!H11*12 -> 184415.4 | I11: =SUM(F11:H11) -> 546429.85 | K11: ='Monthly Unit Rates'!K11*'Estimated Volumes'!K11*12 -> 132195.55 | L11: =SUM(I11:K11) -> 678625.4 | N11: ='Monthly Unit Rates'!N11*'Estimated Volumes'!N11*12 -> 131937.08 | O11: =SUM(L11:N11) -> 810562.48
D12: IBM Mainframe Storage - Tier 2 (Infrequent Access) | E12: GB | F12: ='Monthly Unit Rates'!F12*'Estimated Volumes'!F12*12 -> 153547.45 | G12: ='Monthly Unit Rates'!G12*'Estimated Volumes'!G12*12 -> 153893.37 | H12: ='Monthly Unit Rates'!H12*'Estimated Volumes'!H12*12 -> 156761.29 | I12: =SUM(F12:H12) -> 464202.11 | K12: ='Monthly Unit Rates'!K12*'Estimated Volumes'!K12*12 -> 138829.07 | L12: =SUM(I12:K12) -> 603031.18 | N12: ='Monthly Unit Rates'!N12*'Estimated Volumes'!N12*12 -> 137668.24 | O12: =SUM(L12:N12) -> 740699.43
D13: Subtotal | F13: =SUM(F9:F12) -> 6217895.3 | G13: =SUM(G9:G12) -> 6327799.6 | H13: =SUM(H9:H12) -> 6565093.2 | I13: =SUM(I9:I12) -> 19110788 | K13: =SUM(K9:K12) -> 3106422.1 | L13: =SUM(L9:L12) -> 22217210 | N13: =SUM(N9:N12) -> 3142281.2 | O13: =SUM(O9:O12) -> 25359491
C15: IBM Mainframe Software
D16: Adaptigent | E16: Fixed Monthly | F16: ='Monthly Unit Rates'!F16*'Estimated Volumes'!F16*12 -> 28188.944 | G16: ='Monthly Unit Rates'!G16*'Estimated Volumes'!G16*12 -> 29239.153 | H16: ='Monthly Unit Rates'!H16*'Estimated Volumes'!H16*12 -> 30351.093 | I16: =SUM(F16:H16) -> 87779.19 | K16: ='Monthly Unit Rates'!K16*'Estimated Volumes'!K16*12 -> 31584.069 | L16: =SUM(I16:K16) -> 119363.26 | N16: ='Monthly Unit Rates'!N16*'Estimated Volumes'!N16*12 -> 32880.196 | O16: =SUM(L16:N16) -> 152243.45
D17: BMC | E17: Fixed Monthly | F17: ='Monthly Unit Rates'!F17*'Estimated Volumes'!F17*12 -> 872877.15 | G17: ='Monthly Unit Rates'!G17*'Estimated Volumes'!G17*12 -> 940197.68 | H17: ='Monthly Unit Rates'!H17*'Estimated Volumes'!H17*12 -> 1013479 | I17: =SUM(F17:H17) -> 2826553.8 | K17: ='Monthly Unit Rates'!K17*'Estimated Volumes'!K17*12 -> 1095286.8 | L17: =SUM(I17:K17) -> 3921840.6 | N17: ='Monthly Unit Rates'!N17*'Estimated Volumes'!N17*12 -> 1184072.2 | O17: =SUM(L17:N17) -> 5105912.8
D18: Broadcom | E18: Fixed Monthly | F18: ='Monthly Unit Rates'!F18*'Estimated Volumes'!F18*12 -> 846507.73 | G18: ='Monthly Unit Rates'!G18*'Estimated Volumes'!G18*12 -> 1065428.3 | H18: ='Monthly Unit Rates'!H18*'Estimated Volumes'!H18*12 -> 2262516.8 | I18: =SUM(F18:H18) -> 4174452.8 | K18: ='Monthly Unit Rates'!K18*'Estimated Volumes'!K18*12 -> 2412159.2 | L18: =SUM(I18:K18) -> 6586612 | N18: ='Monthly Unit Rates'!N18*'Estimated Volumes'!N18*12 -> 2662992 | O18: =SUM(L18:N18) -> 9249604
D19: Data 21 - Zip/390 | E19: Fixed Monthly | F19: ='Monthly Unit Rates'!F19*'Estimated Volumes'!F19*12 -> 6847.4401 | G19: ='Monthly Unit Rates'!G19*'Estimated Volumes'!G19*12 -> 6842.8077 | H19: ='Monthly Unit Rates'!H19*'Estimated Volumes'!H19*12 -> 6831.1714 | I19: =SUM(F19:H19) -> 20521.419 | K19: ='Monthly Unit Rates'!K19*'Estimated Volumes'!K19*12 -> 6831.6236 | L19: =SUM(I19:K19) -> 27353.043 | N19: ='Monthly Unit Rates'!N19*'Estimated Volumes'!N19*12 -> 6836.6752 | O19: =SUM(L19:N19) -> 34189.718
D20: IBM Base | E20: Fixed Monthly | F20: ='Monthly Unit Rates'!F20*'Estimated Volumes'!F20*12 -> 47811.158 | G20: ='Monthly Unit Rates'!G20*'Estimated Volumes'!G20*12 -> 50142.834 | H20: ='Monthly Unit Rates'!H20*'Estimated Volumes'!H20*12 -> 52566.727 | I20: =SUM(F20:H20) -> 150520.72 | K20: ='Monthly Unit Rates'!K20*'Estimated Volumes'!K20*12 -> 55239.107 | L20: =SUM(I20:K20) -> 205759.83 | N20: ='Monthly Unit Rates'!N20*'Estimated Volumes'!N20*12 -> 58043.976 | O20: =SUM(L20:N20) -> 263803.8
D21: SPC Systems - Cobol Report Writer | E21: Fixed Monthly | F21: ='Monthly Unit Rates'!F21*'Estimated Volumes'!F21*12 -> 4511.944 | G21: ='Monthly Unit Rates'!G21*'Estimated Volumes'!G21*12 -> 4622.6136 | H21: ='Monthly Unit Rates'!H21*'Estimated Volumes'!H21*12 -> 4752.3485 | I21: =SUM(F21:H21) -> 13886.906 | K21: ='Monthly Unit Rates'!K21*'Estimated Volumes'!K21*12 -> 5231.7495 | L21: =SUM(I21:K21) -> 19118.656 | N21: ='Monthly Unit Rates'!N21*'Estimated Volumes'!N21*12 -> 5759.1873 | O21: =SUM(L21:N21) -> 24877.843
D22: Tone Software - OMC Print | E22: Fixed Monthly | F22: ='Monthly Unit Rates'!F22*'Estimated Volumes'!F22*12 -> 38035.546 | G22: ='Monthly Unit Rates'!G22*'Estimated Volumes'!G22*12 -> 39892.41 | H22: ='Monthly Unit Rates'!H22*'Estimated Volumes'!H22*12 -> 41808.355 | I22: =SUM(F22:H22) -> 119736.31 | K22: ='Monthly Unit Rates'!K22*'Estimated Volumes'!K22*12 -> 43933.784 | L22: =SUM(I22:K22) -> 163670.1 | N22: ='Monthly Unit Rates'!N22*'Estimated Volumes'!N22*12 -> 46164.609 | O22: =SUM(L22:N22) -> 209834.7
D23: Precisely - Syncsort MFX | E23: Fixed Monthly | F23: ='Monthly Unit Rates'!F23*'Estimated Volumes'!F23*12 -> 19773.347 | G23: ='Monthly Unit Rates'!G23*'Estimated Volumes'!G23*12 -> 21726.21 | H23: ='Monthly Unit Rates'!H23*'Estimated Volumes'!H23*12 -> 23853.951 | I23: =SUM(F23:H23) -> 65353.507 | K23: ='Monthly Unit Rates'!K23*'Estimated Volumes'!K23*12 -> 26260.278 | L23: =SUM(I23:K23) -> 91613.786 | N23: ='Monthly Unit Rates'!N23*'Estimated Volumes'!N23*12 -> 28907.672 | O23: =SUM(L23:N23) -> 120521.46
D24: IBM z/OS UTILIZED | E24: Utilized MIPS | F24: ='Monthly Unit Rates'!F24*'Estimated Volumes'!F24*12 -> 952923.67 | G24: ='Monthly Unit Rates'!G24*'Estimated Volumes'!G24*12 -> 1077273.8 | H24: ='Monthly Unit Rates'!H24*'Estimated Volumes'!H24*12 -> 1125665.3 | I24: =SUM(F24:H24) -> 3155862.8 | K24: ='Monthly Unit Rates'!K24*'Estimated Volumes'!K24*12 -> 462572.33 | L24: =SUM(I24:K24) -> 3618435.1 | N24: ='Monthly Unit Rates'!N24*'Estimated Volumes'!N24*12 -> 484009.97 | O24: =SUM(L24:N24) -> 4102445.1
D25: IBM DB2 UTILIZED | E25: Utilized MIPS | F25: ='Monthly Unit Rates'!F25*'Estimated Volumes'!F25*12 -> 345157.15 | G25: ='Monthly Unit Rates'!G25*'Estimated Volumes'!G25*12 -> 390197.83 | H25: ='Monthly Unit Rates'!H25*'Estimated Volumes'!H25*12 -> 407725.67 | I25: =SUM(F25:H25) -> 1143080.6 | K25: ='Monthly Unit Rates'!K25*'Estimated Volumes'!K25*12 -> 167547.68 | L25: =SUM(I25:K25) -> 1310628.3 | N25: ='Monthly Unit Rates'!N25*'Estimated Volumes'!N25*12 -> 175312.57 | O25: =SUM(L25:N25) -> 1485940.9
D26: IBM CICS UTILIZED | E26: Utilized MIPS | F26: ='Monthly Unit Rates'!F26*'Estimated Volumes'!F26*12 -> 405281.09 | G26: ='Monthly Unit Rates'!G26*'Estimated Volumes'!G26*12 -> 458167.54 | H26: ='Monthly Unit Rates'!H26*'Estimated Volumes'!H26*12 -> 478748.6 | I26: =SUM(F26:H26) -> 1342197.2 | K26: ='Monthly Unit Rates'!K26*'Estimated Volumes'!K26*12 -> 196733.3 | L26: =SUM(I26:K26) -> 1538930.5 | N26: ='Monthly Unit Rates'!N26*'Estimated Volumes'!N26*12 -> 205850.79 | O26: =SUM(L26:N26) -> 1744781.3
D27: Subtotal | F27: =SUM(F16:F26) -> 3567915.2 | G27: =SUM(G16:G26) -> 4083731.2 | H27: =SUM(H16:H26) -> 5448299 | I27: =SUM(I16:I26) -> 13099945 | K27: =SUM(K16:K26) -> 4503379.9 | L27: =SUM(L16:L26) -> 17603325 | N27: =SUM(N16:N26) -> 4890829.8 | O27: =SUM(O16:O26) -> 22494155
B29: GRAND TOTAL CHARGES | F29: =F27+F13 -> 9785810.5 | G29: =G27+G13 -> 10411531 | H29: =H27+H13 -> 12013392 | I29: =I27+I13 -> 32210734 | K29: =K27+K13 -> 7609802 | L29: =L27+L13 -> 39820536 | N29: =N27+N13 -> 8033111 | O29: =O27+O13 -> 47853647
C32: Mainframe Optional Services
D33: Option 1 - SMF Log Conversion for MSS SIEM | E33: CPU Hour | F33: Included in CPU Hour | G33: Included in CPU Hour | H33: Included in CPU Hour | I33: Included in CPU Hour | K33: Included in CPU Hour | L33: Included in CPU Hour | N33: Included in CPU Hour | O33: Included in CPU Hour
D34: Option 2 - Supplier Log Management and SOC | E34: CPU Hour | F34: ='Monthly Unit Rates'!F34*'Estimated Volumes'!F34*12 -> 266124.27 | G34: ='Monthly Unit Rates'!G34*'Estimated Volumes'!G34*12 -> 277255.96 | H34: ='Monthly Unit Rates'!H34*'Estimated Volumes'!H34*12 -> 288865.48 | I34: =SUM(F34:H34) -> 832245.71 | K34: ='Monthly Unit Rates'!K34*'Estimated Volumes'!K34*12 -> 141952.02 | L34: =SUM(I34:K34) -> 974197.73 | N34: ='Monthly Unit Rates'!N34*'Estimated Volumes'!N34*12 -> 147895.56 | O34: =SUM(L34:N34) -> 1122093.3

Sheet Monthly Unit Rates
B1: VA-240322-PSLI - Mainframe Services
B2: Monthly Unit Rates ($)
K5: Renewal Option 1 | N5: Renewal Option 2
B6: Resource Description | E6: Metric | F6: Contract Year 1 | G6: Contract Year 2 | H6: Contract Year 3 | K6: Contract Year 4 | N6: Contract Year 5
B7: Mainframe Services
C8: IBM Mainframe Services
D9: IBM Mainframe CPU Hour - General Purpose | E9: CPU Hour | F9: 893.06139 | G9: 909.64652 | H9: 944.73535 | K9: 1022.8706 | N9: 1036.3189
D10: IBM Mainframe CPU Hour - Specialty Engine | E10: CPU Hour | F10: 893.06139 | G10: 909.64652 | H10: 944.73535 | K10: 1022.8706 | N10: 1036.3189
D11: IBM Mainframe Storage - Tier 1 (Frequent Access) | E11: GB | F11: 3.6822925 | G11: 3.6883088 | H11: 3.7546909 | K11: 3.7267578 | N11: 3.7194711
D12: IBM Mainframe Storage - Tier 2 (Infrequent Access) | E12: GB | F12: 0.19070048 | G12: 0.1911301 | H12: 0.19469195 | K12: 0.19095318 | N12: 0.18935651
C15: IBM Mainframe Software
D16: Adaptigent | E16: Fixed Monthly | F16: 2349.0786 | G16: 2436.5961 | H16: 2529.2578 | K16: 2632.0057 | N16: 2740.0163
D17: BMC | E17: Fixed Monthly | F17: 72739.762 | G17: 78349.806 | H17: 84456.583 | K17: 91273.901 | N17: 98672.68
D18: Broadcom | E18: Fixed Monthly | F18: 70542.311 | G18: 88785.693 | H18: 188543.07 | K18: 201013.27 | N18: 221916
D19: Data 21 - Zip/390 | E19: Fixed Monthly | F19: 570.62001 | G19: 570.23398 | H19: 569.26428 | K19: 569.30196 | N19: 569.72293
D20: IBM Base | E20: Fixed Monthly | F20: 3984.2632 | G20: 4178.5695 | H20: 4380.5606 | K20: 4603.2589 | N20: 4836.998
D21: SPC Systems - Cobol Report Writer | E21: Fixed Monthly | F21: 375.99534 | G21: 385.2178 | H21: 396.02904 | K21: 435.97912 | N21: 479.93228
D22: Tone Software - OMC Print | E22: Fixed Monthly | F22: 3169.6289 | G22: 3324.3675 | H22: 3484.0296 | K22: 3661.1487 | N22: 3847.0507
D23: Precisely - Syncsort MFX | E23: Fixed Monthly | F23: 1647.7789 | G23: 1810.5175 | H23: 1987.8292 | K23: 2188.3565 | N23: 2408.9727
D24: IBM z/OS UTILIZED | E24: Utilized MIPS | F24: 91.803822 | G24: 103.7836 | H24: 108.4456 | K24: 113.39392 | N24: 118.64909
D25: IBM DB2 UTILIZED | E25: Utilized MIPS | F25: 33.252134 | G25: 37.591313 | H25: 39.27993 | K25: 41.072251 | N25: 42.97572
D26: IBM CICS UTILIZED | E26: Utilized MIPS | F26: 39.044421 | G26: 44.139454 | H26: 46.122216 | K26: 48.226747 | N26: 50.461787
C32: Mainframe Optional Services
D33: Option 1 - SMF Log Conversion for MSS SIEM | E33: CPU Hour | F33: In CPU Hour | G33: In CPU Hour | H33: In CPU Hour | K33: In CPU Hour | N33: In CPU Hour
D34: Option 2 - Supplier Log Management and SOC | E34: CPU Hour | F34: 42.322562 | G34: 44.092869 | H34: 45.939167 | K34: 57.423958 | N34: 59.828299

Sheet Estimated Volumes
B1: VA-240322-PSLI - Mainframe Services
B2: Estimated Volumes
K5: Renewal Option 1 | N5: Renewal Option 2
B6: Resource Description | E6: Metric | F6: Contract Year 1 | G6: Contract Year 2 | H6: Contract Year 3 | K6: Contract Year 4 | N6: Contract Year 5
B7: Mainframe Services
C8: IBM Mainframe Services
D9: IBM Mainframe CPU Hour - General Purpose | E9: CPU Hour | F9: 524 | G9: 524 | H9: 524 | K9: 206 | N9: 206
D10: IBM Mainframe CPU Hour - Specialty Engine | E10: CPU Hour | F10: 25 | G10: 25 | H10: 25 | K10: 25 | N10: 25
D11: IBM Mainframe Storage - Tier 1 (Frequent Access) | E11: GB | F11: 4093 | G11: 4093 | H11: 4093 | K11: 2956 | N11: 2956
D12: IBM Mainframe Storage - Tier 2 (Infrequent Access) | E12: GB | F12: 67098 | G12: 67098 | H12: 67098 | K12: 60586 | N12: 60586
C15: IBM Mainframe Software
D16: Adaptigent | E16: Fixed Monthly | F16: 1 | G16: 1 | H16: 1 | K16: 1 | N16: 1
D17: BMC | E17: Fixed Monthly | F17: 1 | G17: 1 | H17: 1 | K17: 1 | N17: 1
D18: Broadcom | E18: Fixed Monthly | F18: 1 | G18: 1 | H18: 1 | K18: 1 | N18: 1
D19: Data 21 - Zip/390 | E19: Fixed Monthly | F19: 1 | G19: 1 | H19: 1 | K19: 1 | N19: 1
D20: IBM Base | E20: Fixed Monthly | F20: 1 | G20: 1 | H20: 1 | K20: 1 | N20: 1
D21: SPC Systems - Cobol Report Writer | E21: Fixed Monthly | F21: 1 | G21: 1 | H21: 1 | K21: 1 | N21: 1
D22: Tone Software - OMC Print | E22: Fixed Monthly | F22: 1 | G22: 1 | H22: 1 | K22: 1 | N22: 1
D23: Precisely - Syncsort MFX | E23: Fixed Monthly | F23: 1 | G23: 1 | H23: 1 | K23: 1 | N23: 1
D24: IBM z/OS UTILIZED | E24: Utilized MIPS | F24: 865 | G24: 865 | H24: 865 | K24: 339.945 | N24: 339.945
D25: IBM DB2 UTILIZED | E25: Utilized MIPS | F25: 865 | G25: 865 | H25: 865 | K25: 339.945 | N25: 339.945
D26: IBM CICS UTILIZED | E26: Utilized MIPS | F26: 865 | G26: 865 | H26: 865 | K26: 339.945 | N26: 339.945
C32: Mainframe Optional Services
D33: Option 1 - SMF Log Conversion for MSS SIEM | E33: CPU Hour | F33: In CPU Hour | G33: In CPU Hour | H33: In CPU Hour | K33: In CPU Hour | N33: In CPU Hour
D34: Option 2 - Supplier Log Management and SOC | E34: CPU Hour | F34: 524 | G34: 524 | H34: 524 | K34: =524-318 -> 206 | N34: =524-318 -> 206

Sheet Milestone Charges
B1: VA-240322-PSLI - Mainframe Services
B2: Transition Milestone Charges ($)
H5: Scenario 1: Milestone Charges - Paid at Commencement/Acceptance | M5: Scenario 2: Paid over initial Term
C6: Critical Milestone | D6: Exhibit 3.1 Reference ID | E6: Beginning Date | F6: Completion Date | H6: Contract Year 1 | I6: Contract Year 2 | J6: Contract Year 3 | K6: Total | M6: Monthly Payment | O6: Contract Year 1 | P6: Contract Year 2 | Q6: Contract Year 3 | R6: Total
C9: Mainframe Services
C10: M-06 Commencement Date | D10: N/A | E10: 45348 | F10: 6/1/2024 | H10: 133937.99 | K10: =SUM(H10:J10) -> 133937.99 | M10: =-PMT($O$29/12,$R$28,$K10,0) -> 4014.2417 | O10: =$M10*O$28 -> 48170.901 | P10: =$M10*P$28 -> 48170.901 | Q10: =$M10*Q$28 -> 48170.901 | R10: =SUM(O10:Q10) -> 144512.7
C11: Mainframe and Storage Refresh Cutover | D11: N/A | E11: 45348 | F11: 45565 | H11: 73917.5 | K11: =SUM(H11:J11) -> 73917.5 | M11: =-PMT($O$29/12,$R$28,$K11,0) -> 2215.3738 | O11: =$M11*O$28 -> 26584.485 | P11: =$M11*P$28 -> 26584.485 | Q11: =$M11*Q$28 -> 26584.485 | R11: =SUM(O11:Q11) -> 79753.456
K12: =SUM(H12:J12) -> 0 | M12: =-PMT($O$29/12,$R$28,$K12,0) -> 0 | O12: =$M12*O$28 -> 0 | P12: =$M12*P$28 -> 0 | Q12: =$M12*Q$28 -> 0 | R12: =SUM(O12:Q12) -> 0
K13: =SUM(H13:J13) -> 0 | M13: =-PMT($O$29/12,$R$28,$K13,0) -> 0 | O13: =$M13*O$28 -> 0 | P13: =$M13*P$28 -> 0 | Q13: =$M13*Q$28 -> 0 | R13: =SUM(O13:Q13) -> 0
K14: =SUM(H14:J14) -> 0 | M14: =-PMT($O$29/12,$R$28,$K14,0) -> 0 | O14: =$M14*O$28 -> 0 | P14: =$M14*P$28 -> 0 | Q14: =$M14*Q$28 -> 0 | R14: =SUM(O14:Q14) -> 0
K15: =SUM(H15:J15) -> 0 | M15: =-PMT($O$29/12,$R$28,$K15,0) -> 0 | O15: =$M15*O$28 -> 0 | P15: =$M15*P$28 -> 0 | Q15: =$M15*Q$28 -> 0 | R15: =SUM(O15:Q15) -> 0
K16: =SUM(H16:J16) -> 0 | M16: =-PMT($O$29/12,$R$28,$K16,0) -> 0 | O16: =$M16*O$28 -> 0 | P16: =$M16*P$28 -> 0 | Q16: =$M16*Q$28 -> 0 | R16: =SUM(O16:Q16) -> 0
K17: =SUM(H17:J17) -> 0 | M17: =-PMT($O$29/12,$R$28,$K17,0) -> 0 | O17: =$M17*O$28 -> 0 | P17: =$M17*P$28 -> 0 | Q17: =$M17*Q$28 -> 0 | R17: =SUM(O17:Q17) -> 0
K18: =SUM(H18:J18) -> 0 | M18: =-PMT($O$29/12,$R$28,$K18,0) -> 0 | O18: =$M18*O$28 -> 0 | P18: =$M18*P$28 -> 0 | Q18: =$M18*Q$28 -> 0 | R18: =SUM(O18:Q18) -> 0
K19: =SUM(H19:J19) -> 0 | M19: =-PMT($O$29/12,$R$28,$K19,0) -> 0 | O19: =$M19*O$28 -> 0 | P19: =$M19*P$28 -> 0 | Q19: =$M19*Q$28 -> 0 | R19: =SUM(O19:Q19) -> 0
K20: =SUM(H20:J20) -> 0 | M20: =-PMT($O$29/12,$R$28,$K20,0) -> 0 | O20: =$M20*O$28 -> 0 | P20: =$M20*P$28 -> 0 | Q20: =$M20*Q$28 -> 0 | R20: =SUM(O20:Q20) -> 0
K21: =SUM(H21:J21) -> 0 | M21: =-PMT($O$29/12,$R$28,$K21,0) -> 0 | O21: =$M21*O$28 -> 0 | P21: =$M21*P$28 -> 0 | Q21: =$M21*Q$28 -> 0 | R21: =SUM(O21:Q21) -> 0
K22: =SUM(H22:J22) -> 0 | M22: =-PMT($O$29/12,$R$28,$K22,0) -> 0 | O22: =$M22*O$28 -> 0 | P22: =$M22*P$28 -> 0 | Q22: =$M22*Q$28 -> 0 | R22: =SUM(O22:Q22) -> 0
K23: =SUM(H23:J23) -> 0 | M23: =-PMT($O$29/12,$R$28,$K23,0) -> 0 | O23: =$M23*O$28 -> 0 | P23: =$M23*P$28 -> 0 | Q23: =$M23*Q$28 -> 0 | R23: =SUM(O23:Q23) -> 0
... K25: =SUM(H25:J25) -> 0 | M25: =-PMT($O$29/12,$R$28,$K25,0) -> 0 | O25: =$M25*O$28 -> 0 | P25: =$M25*P$28 -> 0 | Q25: =$M25*Q$28 -> 0 | R25: =SUM(O25:Q25) -> 0
C26: Sub-Total | H26: =SUM(H10:H25) -> 207855.49 | I26: =SUM(I10:I25) -> 0 | J26: =SUM(J10:J25) -> 0 | K26: =SUM(K10:K25) -> 207855.49 | M26: =SUM(M10:M25) -> 6229.6155 | O26: =SUM(O10:O25) -> 74755.386 | P26: =SUM(P10:P25) -> 74755.386 | Q26: =SUM(Q10:Q25) -> 74755.386 | R26: =SUM(R10:R25) -> 224266.16
M28: Payments: | O28: 12 | P28: 12 | Q28: 12 | R28: =SUM(O28:Q28) -> 36
M29: Interest Rate: | O29: 0.05
C31: Grand Total | H31: =H26 -> 207855.49 | I31: =I26 -> 0 | J31: =J26 -> 0 | K31: =K26 -> 207855.49 | M31: =M26 -> 6229.6155 | O31: =O26 -> 74755.386 | P31: =P26 -> 74755.386 | Q31: =Q26 -> 74755.386 | R31: =R26 -> 224266.16

Sheet Pass-Through
B1: VA-240322-PSLI - Mainframe Services
B2: Pass-Through Expenses ($)
J5: Renewal Option 1 | M5: Renewal Option 2
B6: Description | E6: Contract Year 1 | F6: Contract Year 2 | G6: Contract Year 3 | H6: 3 Year Total | J6: Contract Year 4 | K6: 4 Year Total | M6: Contract Year 5 | N6: 5 Year Total
B7: Mainframe Services
C8: Pass-Through Expenses
D9: Other (insert description) | E9: 0 | F9: 0 | G9: 0 | H9: =SUM(E9:G9) -> 0 | J9: 0 | K9: =SUM(H9:J9) -> 0 | M9: 0 | N9: =SUM(K9:M9) -> 0
D10: Other (insert description) | E10: 0 | F10: 0 | G10: 0 | H10: =SUM(E10:G10) -> 0 | J10: 0 | K10: =SUM(H10:J10) -> 0 | M10: 0 | N10: =SUM(K10:M10) -> 0
D11: Other (insert description) | E11: 0 | F11: 0 | G11: 0 | H11: =SUM(E11:G11) -> 0 | J11: 0 | K11: =SUM(H11:J11) -> 0 | M11: 0 | N11: =SUM(K11:M11) -> 0
D12: Other (insert description) | E12: 0 | F12: 0 | G12: 0 | H12: =SUM(E12:G12) -> 0 | J12: 0 | K12: =SUM(H12:J12) -> 0 | M12: 0 | N12: =SUM(K12:M12) -> 0
D13: Other (insert description) | E13: 0 | F13: 0 | G13: 0 | H13: =SUM(E13:G13) -> 0 | J13: 0 | K13: =SUM(H13:J13) -> 0 | M13: 0 | N13: =SUM(K13:M13) -> 0
D14: Other (insert description) | E14: 0 | F14: 0 | G14: 0 | H14: =SUM(E14:G14) -> 0 | J14: 0 | K14: =SUM(H14:J14) -> 0 | M14: 0 | N14: =SUM(K14:M14) -> 0
D15: Other (insert description) | E15: 0 | F15: 0 | G15: 0 | H15: =SUM(E15:G15) -> 0 | J15: 0 | K15: =SUM(H15:J15) -> 0 | M15: 0 | N15: =SUM(K15:M15) -> 0
D16: Other (insert description) | E16: 0 | F16: 0 | G16: 0 | H16: =SUM(E16:G16) -> 0 | J16: 0 | K16: =SUM(H16:J16) -> 0 | M16: 0 | N16: =SUM(K16:M16) -> 0
D17: Other (insert description) | E17: 0 | F17: 0 | G17: 0 | H17: =SUM(E17:G17) -> 0 | J17: 0 | K17: =SUM(H17:J17) -> 0 | M17: 0 | N17: =SUM(K17:M17) -> 0
D18: Total | E18: =SUM(E9:E17) -> 0 | F18: =SUM(F9:F17) -> 0 | G18: =SUM(G9:G17) -> 0 | H18: =SUM(H9:H17) -> 0 | J18: =SUM(J9:J17) -> 0 | K18: =SUM(K9:K17) -> 0 | M18: =SUM(M9:M17) -> 0 | N18: =SUM(N9:N17) -> 0

Sheet Rate Card
B1: VA-240322-PSLI - Mainframe Services
B2: Rate Card ($)
I5: Renewal Option 1 | J5: Renewal Option 2
B6: Resource Type | C6: Units | D6: Annual Productive Hours | F6: Contract Year 1 | G6: Contract Year 2 | H6: Contract Year 3 | I6: Contract Year 4 | J6: Contract Year 5
B7: Rate Card (Productive Hour Rates) without Travel
B8: Communications Engineer - Senior | C8: Hours | D8: 1920 | F8: 150.34994 | G8: 153.77911 | H8: 157.60821 | I8: 161.53265 | J8: 165.55482
B9: Communications Engineer - Intermediate | C9: Hours | D9: 1920 | F9: 122.17251 | G9: 124.96203 | H9: 128.07358 | I9: 131.26261 | J9: 134.53105
B10: Systems Administrator - Senior | C10: Hours | D10: 1920 | F10: 150.34994 | G10: 153.77911 | H10: 157.60821 | I10: 161.53265 | J10: 165.55482
B11: Systems Administrator - Intermediate | C11: Hours | D11: 1920 | F11: 122.17251 | G11: 124.96203 | H11: 128.07358 | I11: 131.26261 | J11: 134.53105
B12: Database Administrator | C12: Hours | D12: 1920 | F12: 153.19506 | G12: 156.68299 | H12: 160.5844 | I12: 164.58295 | J12: 168.68107
B13: Information Specialist - Senior | C13: Hours | D13: 1920 | F13: 182.10311 | G13: 186.24981 | H13: 190.88743 | I13: 195.64053 | J13: 200.51197
B14: Customer Proj/Prgm Mgr | C14: Hours | D14: 1920 | F14: 182.10311 | G14: 186.24981 | H14: 190.88743 | I14: 195.64053 | J14: 200.51197
B15: Information Systems Engineer | C15: Hours | D15: 1920 | F15: 115.31608 | G15: 117.95047 | H15: 120.88743 | I15: 123.89753 | J15: 126.98258
B16: Project Manager | C16: Hours | D16: 1920 | F16: 153.19506 | G16: 156.68299 | H16: 160.5844 | I16: 164.58295 | J16: 168.68107
B17: Security Systems Engineer | C17: Hours | D17: 1920 | F17: 148.98498 | G17: 152.38313 | H17: 156.17747 | I17: 160.06629 | J17: 164.05194
B18: Software Engineer | C18: Hours | D18: 1920 | F18: 150.34994 | G18: 153.77911 | H18: 157.60821 | I18: 161.53265 | J18: 165.55482
B19: Storage Operations Specialist | C19: Hours | D19: 1920 | F19: 122.17251 | G19: 124.96203 | H19: 128.07358 | I19: 131.26261 | J19: 134.53105
B20: Systems Engineer | C20: Hours | D20: 1920 | F20: 122.17251 | G20: 124.96203 | H20: 128.07358 | I20: 131.26261 | J20: 134.53105
B21: Travel Rates
B22: Daily | C22: Per Day | D22: 1920 | F22: 1000 | G22: 1000 | H22: 1000 | I22: 1000 | J22: 1000
B23: Weekly | C23: Per Week | D23: 1920 | F23: 2600 | G23: 2600 | H23: 2600 | I23: 2600 | J23: 2600
B24: Monthly | C24: Per Month | D24: 1920 | F24: 12600 | G24: 12600 | H24: 12600 | I24: 12600 | J24: 12600
B33: Resource Type | C33: Minimum Yrs Exp in Role | D33: Total Experience | F33: Role Description | J33: Qualification
B34: Communications Engineer - Senior | C34: 5 | D34: 5-10 Years | F34: Under broad direction, provides technical leadership in the planning, investigation, design, and implementation of physical and logical communication solutions having network-wide impact. Provides solutions that incorporate integration of digital encoding formats, line codes, and timing concepts across engineering disciplines and environments. Influences Supplier team members, the end customer, and vendors to define, analyze, and provide solutions for the customer's voice, data, and image communications requirements. Prepares complex work prints and schematics to define and illustrate entire network structures and solutions. Identifies and recommends new design tools for use in communications projects. Evaluates projected corporate network usage and provides and implements media solutions. Participates in and influences studies by providing costing models, reports, and technical solutions for network-wide projects. Identifies product modifications and influences vendors to incorporate these changes into their products. Plans, designs, and implements network management systems to monitor, diagnose, control, and measure performance of multiple communication networks. Identifies, analyzes, and recommends new network administrative systems for entire networks to ensure accurate network inventory and timely implementation. | J34: Bachelor’s Degree or related field or work experience.
B35: Communications Engineer - Intermediate | C35: 2 | D35: 2-5 Years | F35: Under minimal direction, responsible for planning, investigating, designing, and implementing physical and logical communication networks impacting multiple sites. Works with the Supplier team, end customer, and vendors to define, analyze, and provide solutions for the customer's voice, data, and image communications requirements. Provides research and recommendations for the incorporation of current regulatory climates, trends, and issues in communications projects. Prepares work-prints and schematics to define and illustrate multiple-site network designs and solutions. Applies digital encoding formats, line codes, and timing techniques to design circuit paths and transmission logic for the transmission of voice data and images within a multiple network environment. Uses design tools to evaluate projected network usage and produce media, technical, and cost solutions for multiple-site networks. Participates in marketing proposals and studies by providing costing models, reports, and technical solutions for multiple-site network projects. Selects and configures hardware and software for multiple-site networks. Plans, designs, and implements network management systems to monitor, diagnose, control, and measure performance of communications networks that impact multiple sites. Uses and recommends changes to network administrative systems to ensure accurate network inventory and timely implementation | J35: Bachelor’s Degree with 2 years of experience or equivalent work experience
B36: Systems Administrator - Senior | C36: 5 | D36: 5-10 Years | F36: Under broad direction, leads and coordinates the operational support and implementation activities for local area network (LAN), campus area network (CAN), and wide area network (WAN) service offerings encompassing heterogeneous platforms. Assists leadership in determining tactical and strategic direction of the organization as it relates to emerging operational support technologies. Researches, analyzes, and recommends new operational support technologies, tools, and techniques. Coaches others on the application of new operational support technologies. Reviews distributed computing and network designs to select appropriate operational support strategies and ensure efficient use of resources. Conducts system support design and performance evaluation reviews. Identifies, develops, and updates operational support standards and procedures. Participates with corporate strategic planning teams. Keeps abreast of emerging operational support technologies and industry trends. Recommends price/performance improvement opportunities. | J36: Bachelor’s Degree
B37: Systems Administrator - Intermediate | C37: 2 | D37: 2-5 Years | F37: Under minimal direction, coordinates operational designs, develops support plans, coordinates implementations, and provides second level support for local area network (LAN), campus area network (CAN), and wide area network (WAN) solutions encompassing heterogeneous platforms. Develops system support requirements by reviewing and analyzing customer business processes and evaluating available Supplier and/or supplier capabilities. Leads project teams in implementing new or upgraded designs and coordinates project efforts with support groups. Creates plans that support implementation of changes. Participates in system support design and performance evaluation reviews. Advises on distributed network computing issues. Establishes and maintains security and integrity standards and controls. Ensures support plans and services meet customer needs and expectations. Assists in the evaluation, testing and recommendation of hardware, software, and network configurations based on customer need. Coaches others in the application of new operational support technologies. Analyzes user requirements and statistics to identify trends and resolve performance issues. Coordinates and approves updates of the site administration documentation. Keeps abreast of emerging operational support technologies and industry trends. Recommends appropriate price/performance improvement opportunities. | J37: Bachelor’s Degree
B38: Database Administrator | C38: 5 | D38: 5-10 Years | F38: Under minimal direction, responsible for the design and integrity of data base structures in a multi-user environment. Develops and enforces data base standards and procedures. Analyzes data and process requirements. Leads or participates in logical and physical data base design. Reviews system and programming designs to ensure efficient use of data base resources. Maintains control programs required for accessing a data base. Interfaces with operations data base support group on production problems and data base management issues. Monitors data base performance statistics and recommends improvements. Advises systems engineers and updates management on data base concepts and techniques. Researches new data base technologies. | J38: Bachelor’s Degree
B39: Information Specialist - Senior | C39: 8 | D39: 8-12 year | F39: Under minimal direction, functions in advanced specialty disciplines such as but not limited to information security, privacy, and information assurance, assembly/integration, cross-discipline functions, data engineering, industry expertise, knowledge engineering, legacy evolution, or system infrastructure. Leads and coordinates the design, development, implementation and support of business and/or technical information technology solutions encompassing multiple specializations, platforms and technologies. Defines project scope, plans and deliverables including cost projections and proposed implementation dates. Assists leadership in determining technical direction of the organization. Researches, analyzes, recommends and implements new technologies, standard processes, tools and techniques. Creates portions of information technology plans based on an understanding of the customer's organizational strategic direction, technology context and business needs. Coaches and provides technical leadership to others on the application of new technologies, appropriate project management and system development methodologies. Provides technical support for marketing initiatives through participation in proposals and marketing studies. Reviews other system and programming designs to ensure selection of appropriate technology, efficient use of resources and integration of multiple systems and technologies. Identifies, develops, updates and enforces standards and procedures. Monitors and ensures resolutions of performance issues. Interfaces with support groups and production problems, technical concerns and financial issues. Researches, evaluates and stays current on emerging tools, techniques and technologies. | J39: Bachelor’s Degree
B40: Customer Proj/Prgm Mgr | C40: 10 | D40: 10-15 Years | F40: Plans, directs, and co-ordinates a cross-functional team’s activities to manage and implement project and/or interrelated programs from contract/proposal initiation to final operational stage. Proposes and develops add-on program opportunities. Leads teams to develop plans that model program commitments and timing. Leads the project/program team(s) in determining client requirements and translating requirements into operational plans. Determines, monitors, and reviews all project/program economics to include costs, operational budgets, staffing requirements, resources and risk. Identifies and assembles the appropriate blend of resources to meet program needs and requirements; monitors and reports on activities related to the project/program. Meets with customers to review program scope/progress and resolve program issues. Controls project/program requirements, scope, and change management issues. Works with senior management on program proposals, bids, contracts, estimates, and schedules. Formulates contingency plans to address schedule revisions, risk, fund allocations, and work requirements. Ensures adherence to legally binding requirements and client’s long-term strategic goals. Coaches and counsels members of cross-functional teams to accomplish project/program goals, to meet established schedules, and resolve technical/operational issues. Establishes appropriate metrics for measuring key program criteria. Maintains awareness of emerging technologies and project/program management techniques. | J40: Bachelor’s Degree
B41: Information Systems Engineer | C41: 5 | D41: 5-10 Years | F41: Responsible for the planning and engineering of an organization's systems infrastructure. Includes the implementation and design of hardware and software. Monitors the performance of systems. Typically requires a bachelor's degree in area of specialty and 2-4 years of experience in the field or in a related area. Familiar with standard concepts, practices, and procedures within a particular field. Relies on limited experience and judgment to plan and accomplish goals. Works under general supervision. | J41: Bachelor’s Degree
B42: Project Manager | C42: 7 | D42: 7-10 Years | F42: Plans, directs, and co-ordinates the team’s activities to manage and implement project and/or interrelated projects from contract/proposal initiation to final operational stage. Determines, monitors, and reviews all project economics to include costs, operational budgets, staffing requirements, resources and risk. Leads the project team in determining client requirements and translating requirements into operational plans. Identifies and assembles the appropriate blend of resources to meet project needs and requirements; manages sub-contractors. Plans, schedules, monitors, and reports on activities related to the project. Develops project control and reporting procedures and manages changes in operational plan. Undertakes status review meetings among project team members and clients. Works with management on project proposals, bids, contracts, estimates, and schedules. Coaches and advises team members to accomplish project goals, to meet established schedules, and resolve technical/operational issues. Proactively influences customers to apply project planning methodologies. Ensures adherence to legally binding requirements. Controls project requirements, scope, and change management issues. Establishes appropriate metrics for measuring key project criteria. Installs appropriate automated systems for management of projects. Develops, proposes, and negotiates project proposals, quotations, and add-ons to leadership and the client. Analyzes needs and recommends appropriate planning concepts and tools to be used for all facets of planning, scheduling, and tracking projects. Analyzes project progress/costs and facilitates the development of recommended alternatives. Integrates and uses project management methodologies. Creates communication plans, ensuring that appropriate information is exchanged among key stakeholders. Advises senior management on project management capability and risk. Maintains awareness on emerging technologies and project management techniques. | J42: Bachelor’s Degree
B43: Security Systems Engineer | C43: 4 | D43: 4-7 Years | F43: Under minimal direction, provides support for security related programs, policies and initiatives. Develops and applies knowledge of security principles, concepts and industry practices and standards in the analysis of information and projects. Participates in program and policy development with peers and leadership. Supports activities to identify and minimize client Supplier and external client security risks in compliance with corporate security standards and guidelines. Assists with the development of security presentations to Supplier and client management to address concerns and ensure client requirements are met. May assist in the evaluation of physical security enhancements, product upgrades, and tools across multiple environments to ensure minimal expo | J43: Bachelor’s Degree
B44: Software Engineer | C44: 5 | D44: 5-10 Years | F44: Under minimal direction, provides specialized expertise within multiple systems, software disciplines, as well as general knowledge of related disciplines, applications implications, and customer areas. Responsible for performing in-depth analysis and technical support of systems software products, including complex problem resolution, design, development, testing, operational integration, and user support. Assists in the planning and conversion for new hardware/software products. Maintains currency, debugs and configures related software products. Provides operating systems planning and evaluation for performance analysis, capacity planning and hardware upgrades. Works from specifications to develop or modify operating systems applications. Assists with design, coding, benchmark testing, debugging and documentation of programs. Interfaces with other system support groups to resolve problems, setting standards and improving overall efficiency of the operating system. Designs, codes, tests and implements tools for operations automation. Works on most phases of software systems programming applications, and may require instruction and guidance in other phases. | J44: Bachelor’s Degree
B45: Storage Operations Specialist | C45: 2 | D45: 2-4 years | F45: Assists in designing, planning, and implementation of storage systems and procedures. Maintains efficient and reliable backup and recovery procedures. Troubleshoots and supports the organizations storage systems. Experienced with operating systems and Storage Area Networks (SAN) and backup solutions. Requires a bachelor's degree in area of specialty and at least 2 years of experience in the field or in a related area. Demonstrates expertise in a variety of the field's concepts, practices, and procedures. Relies on experience and judgment to plan and accomplish goals. Performs a variety of complicated tasks. May lead and direct the work of others. A wide degree of creativity and latitude is expected. | J45: Bachelor Degree
B46: Systems Engineer | C46: 2 | D46: 2-4 years | F46: Responsible for the planning and engineering of an organization's systems infrastructure. Includes the implementation and design of hardware and software. Monitors the performance of systems. Typically requires a bachelor's degree in area of specialty and 2-4 years of experience in the field or in a related area. Familiar with standard concepts, practices, and procedures within a particular field. Relies on limited experience and judgment to plan and accomplish goals. Works under general supervision. | J46: Bachelor Degree

Sheet PPM - Total
B1: VA-240322-PSLI - Mainframe Services
B2: Personnel Projection Matrix
B3: Mainframe Services - TOTAL
C5: Incumbent | AI5: Renewal Option 1 | AJ5: Renewal Option 2
B6: Mainframe Services (TOTAL) | C6: Supplier | E6: Year -1 | Q6: At Commencement Date | R6: Year 1 | AD6: Year 2
C7: FTEs | E7: Mo -12 | F7: Mo -11 | G7: Mo -10 | H7: Mo -9 | I7: Mo -8 | J7: Mo -7 | K7: Mo -6 | L7: Mo -5 | M7: Mo -4 | N7: Mo -3 | O7: Mo -2 | P7: Mo -1 | R7: Mo 1 | S7: Mo 2 | T7: Mo 3 | U7: Mo 4 | V7: Mo 5 | W7: Mo 6 | X7: Mo 7 | Y7: Mo 8 | Z7: Mo 9 | AA7: Mo 10 | AB7: Mo 11 | AC7: Mo 12 | AD7: Qtr. 1 | AE7: Qtr. 2 | AF7: Qtr. 3 | AG7: Qtr. 4 | AH7: Year 3 | AI7: Year 4 | AJ7: Year 5
B8: Section 1 | Q8: 45444
B9: Incumbent Supplier Personnel | C9: (a) | E9: ='PPM - Run'!E9+'PPM - Transition'!E9 -> 0 | F9: ='PPM - Run'!F9+'PPM - Transition'!F9 -> 0 | G9: ='PPM - Run'!G9+'PPM - Transition'!G9 -> 0 | H9: ='PPM - Run'!H9+'PPM - Transition'!H9 -> 0 | I9: ='PPM - Run'!I9+'PPM - Transition'!I9 -> 0 | J9: ='PPM - Run'!J9+'PPM - Transition'!J9 -> 0 | K9: ='PPM - Run'!K9+'PPM - Transition'!K9 -> 0 | L9: ='PPM - Run'!L9+'PPM - Transition'!L9 -> 0 | ... AJ9: ='PPM - Run'!AJ9+'PPM - Transition'!AJ9 -> 11.416
B10: Supplier FTEs | E10: ='PPM - Run'!E10+'PPM - Transition'!E10 -> 0 | F10: ='PPM - Run'!F10+'PPM - Transition'!F10 -> 0 | G10: ='PPM - Run'!G10+'PPM - Transition'!G10 -> 0 | H10: ='PPM - Run'!H10+'PPM - Transition'!H10 -> 0 | I10: ='PPM - Run'!I10+'PPM - Transition'!I10 -> 0 | J10: ='PPM - Run'!J10+'PPM - Transition'!J10 -> 0 | K10: ='PPM - Run'!K10+'PPM - Transition'!K10 -> 0 | L10: ='PPM - Run'!L10+'PPM - Transition'!L10 -> 0 | ... AJ10: ='PPM - Run'!AJ10+'PPM - Transition'!AJ10 -> 0
B11: TOTAL | E11: =SUM(E9:E10) -> 0 | F11: =SUM(F9:F10) -> 0 | G11: =SUM(G9:G10) -> 0 | H11: =SUM(H9:H10) -> 0 | I11: =SUM(I9:I10) -> 0 | J11: =SUM(J9:J10) -> 0 | K11: =SUM(K9:K10) -> 0 | L11: =SUM(L9:L10) -> 0 | ... AJ11: =SUM(AJ9:AJ10) -> 11.416
B12: Section 2
B13: Supplier FTEs - Service Delivery Onsite | E13: ='PPM - Run'!E13+'PPM - Transition'!E13 -> 0 | F13: ='PPM - Run'!F13+'PPM - Transition'!F13 -> 0 | G13: ='PPM - Run'!G13+'PPM - Transition'!G13 -> 0 | H13: ='PPM - Run'!H13+'PPM - Transition'!H13 -> 0 | I13: ='PPM - Run'!I13+'PPM - Transition'!I13 -> 0 | J13: ='PPM - Run'!J13+'PPM - Transition'!J13 -> 0 | K13: ='PPM - Run'!K13+'PPM - Transition'!K13 -> 0 | L13: ='PPM - Run'!L13+'PPM - Transition'!L13 -> 0 | ... AJ13: ='PPM - Run'!AJ13+'PPM - Transition'!AJ13 -> 0
B14: Supplier FTEs - Service Delivery Offsite | E14: ='PPM - Run'!E14+'PPM - Transition'!E14 -> 0 | F14: ='PPM - Run'!F14+'PPM - Transition'!F14 -> 0 | G14: ='PPM - Run'!G14+'PPM - Transition'!G14 -> 0 | H14: ='PPM - Run'!H14+'PPM - Transition'!H14 -> 0 | I14: ='PPM - Run'!I14+'PPM - Transition'!I14 -> 0 | J14: ='PPM - Run'!J14+'PPM - Transition'!J14 -> 0 | K14: ='PPM - Run'!K14+'PPM - Transition'!K14 -> 0 | L14: ='PPM - Run'!L14+'PPM - Transition'!L14 -> 0 | ... AJ14: ='PPM - Run'!AJ14+'PPM - Transition'!AJ14 -> 0
B15: TOTAL | E15: =SUM(E13:E14) -> 0 | F15: =SUM(F13:F14) -> 0 | G15: =SUM(G13:G14) -> 0 | H15: =SUM(H13:H14) -> 0 | I15: =SUM(I13:I14) -> 0 | J15: =SUM(J13:J14) -> 0 | K15: =SUM(K13:K14) -> 0 | L15: =SUM(L13:L14) -> 0 | ... AJ15: =SUM(AJ13:AJ14) -> 0
B16: Section 3
B17: Account Management | E17: ='PPM - Run'!E17+'PPM - Transition'!E17 -> 0 | F17: ='PPM - Run'!F17+'PPM - Transition'!F17 -> 0 | G17: ='PPM - Run'!G17+'PPM - Transition'!G17 -> 0 | H17: ='PPM - Run'!H17+'PPM - Transition'!H17 -> 0 | I17: ='PPM - Run'!I17+'PPM - Transition'!I17 -> 0 | J17: ='PPM - Run'!J17+'PPM - Transition'!J17 -> 0 | K17: ='PPM - Run'!K17+'PPM - Transition'!K17 -> 0 | L17: ='PPM - Run'!L17+'PPM - Transition'!L17 -> 0 | ... AJ17: ='PPM - Run'!AJ17+'PPM - Transition'!AJ17 -> 1.85
B18: Cross-Functional | E18: ='PPM - Run'!E18+'PPM - Transition'!E18 -> 0 | F18: ='PPM - Run'!F18+'PPM - Transition'!F18 -> 0 | G18: ='PPM - Run'!G18+'PPM - Transition'!G18 -> 0 | H18: ='PPM - Run'!H18+'PPM - Transition'!H18 -> 0 | I18: ='PPM - Run'!I18+'PPM - Transition'!I18 -> 0 | J18: ='PPM - Run'!J18+'PPM - Transition'!J18 -> 0 | K18: ='PPM - Run'!K18+'PPM - Transition'!K18 -> 0 | L18: ='PPM - Run'!L18+'PPM - Transition'!L18 -> 0 | ... AJ18: ='PPM - Run'!AJ18+'PPM - Transition'!AJ18 -> 2.4
B19: Mainframe Services
B20: Mainframe Support (Compute, Storage, SW, Sec, Monitoring, Batch, etc.) | E20: ='PPM - Run'!E20+'PPM - Transition'!E20 -> 0 | F20: ='PPM - Run'!F20+'PPM - Transition'!F20 -> 0 | G20: ='PPM - Run'!G20+'PPM - Transition'!G20 -> 0 | H20: ='PPM - Run'!H20+'PPM - Transition'!H20 -> 0 | I20: ='PPM - Run'!I20+'PPM - Transition'!I20 -> 0 | J20: ='PPM - Run'!J20+'PPM - Transition'!J20 -> 0 | K20: ='PPM - Run'!K20+'PPM - Transition'!K20 -> 0 | L20: ='PPM - Run'!L20+'PPM - Transition'!L20 -> 0 | ... AJ20: ='PPM - Run'!AJ20+'PPM - Transition'!AJ20 -> 6.266
B21: Database Support | E21: ='PPM - Run'!E21+'PPM - Transition'!E21 -> 0 | F21: ='PPM - Run'!F21+'PPM - Transition'!F21 -> 0 | G21: ='PPM - Run'!G21+'PPM - Transition'!G21 -> 0 | H21: ='PPM - Run'!H21+'PPM - Transition'!H21 -> 0 | I21: ='PPM - Run'!I21+'PPM - Transition'!I21 -> 0 | J21: ='PPM - Run'!J21+'PPM - Transition'!J21 -> 0 | K21: ='PPM - Run'!K21+'PPM - Transition'!K21 -> 0 | L21: ='PPM - Run'!L21+'PPM - Transition'!L21 -> 0 | ... AJ21: ='PPM - Run'!AJ21+'PPM - Transition'!AJ21 -> 0.9
B22: TOTAL | E22: =SUM(E17:E21) -> 0 | F22: =SUM(F17:F21) -> 0 | G22: =SUM(G17:G21) -> 0 | H22: =SUM(H17:H21) -> 0 | I22: =SUM(I17:I21) -> 0 | J22: =SUM(J17:J21) -> 0 | K22: =SUM(K17:K21) -> 0 | L22: =SUM(L17:L21) -> 0 | ... AJ22: =SUM(AJ17:AJ21) -> 11.416
B24: (a) Current incumbent FTE data is not available.
B26: Note: The PPM is for informational purposes and to set a personnel baseline for reasonability in staffing.

Sheet PPM - Run
B1: VA-240322-PSLI - Mainframe Services
B2: Personnel Projection Matrix
B3: Mainframe Services - RUN
C5: Incumbent | AI5: Renewal Option 1 | AJ5: Renewal Option 2
B6: Mainframe Services (RUN) | C6: Supplier | E6: Year -1 | Q6: At Commencement Date | R6: Year 1 | AD6: Year 2
C7: FTEs | E7: Mo -12 | F7: Mo -11 | G7: Mo -10 | H7: Mo -9 | I7: Mo -8 | J7: Mo -7 | K7: Mo -6 | L7: Mo -5 | M7: Mo -4 | N7: Mo -3 | O7: Mo -2 | P7: Mo -1 | R7: Mo 1 | S7: Mo 2 | T7: Mo 3 | U7: Mo 4 | V7: Mo 5 | W7: Mo 6 | X7: Mo 7 | Y7: Mo 8 | Z7: Mo 9 | AA7: Mo 10 | AB7: Mo 11 | AC7: Mo 12 | AD7: Qtr. 1 | AE7: Qtr. 2 | AF7: Qtr. 3 | AG7: Qtr. 4 | AH7: Year 3 | AI7: Year 4 | AJ7: Year 5
B8: Section 1 | Q8: 45444
B9: Incumbent Supplier Personnel | C9: (a) | E9: 0 | F9: 0 | G9: 0 | H9: 0 | I9: 0 | J9: 0 | K9: 0 | L9: 0 | M9: 0 | N9: =N22 -> 0 | O9: =O22 -> 0 | P9: =P22 -> 0 | Q9: 0 | R9: =R22 -> 21.96 | S9: =S22 -> 19.96 | T9: =T22 -> 19.96 | U9: =U22 -> 19.96 | V9: =V22 -> 19.46 | W9: =W22 -> 19.3 | X9: =X22 -> 19.3 | Y9: =Y22 -> 18.8 | ... AJ9: =AJ22 -> 11.416
B10: Supplier FTEs | E10: 0 | F10: 0 | G10: 0 | H10: 0 | I10: 0 | J10: 0 | K10: 0 | L10: 0 | M10: 0 | N10: 0 | O10: 0 | P10: 0 | Q10: 0 | R10: 0 | S10: 0 | T10: 0 | U10: 0 | V10: 0 | W10: 0 | X10: 0 | Y10: 0 | Z10: 0 | AA10: 0 | AB10: 0 | AC10: 0 | AD10: 0 | AE10: 0 | AF10: 0 | AG10: 0 | AH10: 0 | AI10: 0 | AJ10: 0
B11: TOTAL | E11: =SUM(E9:E10) -> 0 | F11: =SUM(F9:F10) -> 0 | G11: =SUM(G9:G10) -> 0 | H11: =SUM(H9:H10) -> 0 | I11: =SUM(I9:I10) -> 0 | J11: =SUM(J9:J10) -> 0 | K11: =SUM(K9:K10) -> 0 | L11: =SUM(L9:L10) -> 0 | ... P11: =SUM(P9:P10) -> 0 | Q11: 0 | R11: =SUM(R9:R10) -> 21.96 | S11: =SUM(S9:S10) -> 19.96 | T11: =SUM(T9:T10) -> 19.96 | U11: =SUM(U9:U10) -> 19.96 | V11: =SUM(V9:V10) -> 19.46 | W11: =SUM(W9:W10) -> 19.3 | X11: =SUM(X9:X10) -> 19.3 | Y11: =SUM(Y9:Y10) -> 18.8 | ... AJ11: =SUM(AJ9:AJ10) -> 11.416
B12: Section 2
B13: Supplier FTEs - Service Delivery Onsite | E13: 0 | F13: 0 | G13: 0 | H13: 0 | I13: 0 | J13: 0 | K13: 0 | L13: 0 | M13: 0 | N13: 0 | O13: 0 | P13: 0 | Q13: 0 | R13: 0 | S13: 0 | T13: 0 | U13: 0 | V13: 0 | W13: 0 | X13: 0 | Y13: 0 | Z13: 0 | AA13: 0 | AB13: 0 | AC13: 0 | AD13: 0 | AE13: 0 | AF13: 0 | AG13: 0 | AH13: 0 | AI13: 0 | AJ13: 0
B14: Supplier FTEs - Service Delivery Offsite | E14: 0 | F14: 0 | G14: 0 | H14: 0 | I14: 0 | J14: 0 | K14: 0 | L14: 0 | M14: 0 | N14: 0 | O14: 0 | P14: 0 | Q14: 0 | R14: 0 | S14: 0 | T14: 0 | U14: 0 | V14: 0 | W14: 0 | X14: 0 | Y14: 0 | Z14: 0 | AA14: 0 | AB14: 0 | AC14: 0 | AD14: 0 | AE14: 0 | AF14: 0 | AG14: 0 | AH14: 0 | AI14: 0 | AJ14: 0
B15: TOTAL | E15: =SUM(E13:E14) -> 0 | F15: =SUM(F13:F14) -> 0 | G15: =SUM(G13:G14) -> 0 | H15: =SUM(H13:H14) -> 0 | I15: =SUM(I13:I14) -> 0 | J15: =SUM(J13:J14) -> 0 | K15: =SUM(K13:K14) -> 0 | L15: =SUM(L13:L14) -> 0 | M15: =SUM(M13:M14) -> 0 | N15: 0 | O15: 0 | P15: 0 | Q15: 0 | R15: 0 | S15: 0 | T15: 0 | U15: 0 | V15: 0 | W15: 0 | X15: 0 | Y15: 0 | Z15: 0 | AA15: 0 | AB15: 0 | AC15: 0 | AD15: 0 | AE15: 0 | AF15: 0 | AG15: 0 | AH15: 0 | AI15: 0 | AJ15: 0
B16: Section 3
B17: Account Management | E17: 0 | F17: 0 | G17: 0 | H17: 0 | I17: 0 | J17: 0 | K17: 0 | L17: 0 | M17: 0 | N17: 0 | O17: 0 | P17: 0 | Q17: 0 | R17: 4.05 | S17: 4.05 | T17: 4.05 | U17: 4.05 | V17: 3.55 | W17: 3.55 | X17: 3.55 | Y17: 3.05 | Z17: 3.05 | AA17: 3.05 | AB17: 3.05 | AC17: 3.05 | AD17: 3.05 | AE17: 3.05 | AF17: 3.05 | AG17: 3.05 | AH17: 3.05 | AI17: 1.85 | AJ17: 1.85
B18: Cross-Functional | E18: 0 | F18: 0 | G18: 0 | H18: 0 | I18: 0 | J18: 0 | K18: 0 | L18: 0 | M18: 0 | N18: 0 | Q18: 0 | R18: 6 | S18: 4 | T18: 4 | U18: 4 | V18: 4 | W18: 4 | X18: 4 | Y18: 4 | Z18: 4 | AA18: 4 | AB18: 4 | AC18: 4 | AD18: 4 | AE18: 4 | AF18: 4 | AG18: 4 | AH18: 4 | AI18: 2.4 | AJ18: 2.4
B19: Mainframe Services | AI19: 0 | AJ19: 0
B20: Mainframe Support (Compute, Storage, SW, Sec, Monitoring, Batch, etc.) | E20: 0 | F20: 0 | G20: 0 | H20: 0 | I20: 0 | J20: 0 | K20: 0 | L20: 0 | M20: 0 | N20: 0 | Q20: 0 | R20: 10.41 | S20: 10.41 | T20: 10.41 | U20: 10.41 | V20: 10.41 | W20: 10.35 | X20: 10.35 | Y20: 10.35 | Z20: 10.35 | AA20: 10.35 | AB20: 10.35 | AC20: 10.35 | AD20: 10.35 | AE20: 10.35 | AF20: 10.35 | AG20: 10.35 | AH20: 10.35 | AI20: 6.266 | AJ20: 6.266
B21: Database Support | E21: 0 | F21: 0 | G21: 0 | H21: 0 | I21: 0 | J21: 0 | K21: 0 | L21: 0 | M21: 0 | N21: 0 | O21: 0 | P21: 0 | Q21: 0 | R21: 1.5 | S21: 1.5 | T21: 1.5 | U21: 1.5 | V21: 1.5 | W21: 1.4 | X21: 1.4 | Y21: 1.4 | Z21: 1.4 | AA21: 1.4 | AB21: 1.4 | AC21: 1.4 | AD21: 1.4 | AE21: 1.4 | AF21: 1.4 | AG21: 1.4 | AH21: 1.4 | AI21: 0.9 | AJ21: 0.9
B22: TOTAL | E22: =E21+E20+E18+E17 -> 0 | F22: =F21+F20+F18+F17 -> 0 | G22: =G21+G20+G18+G17 -> 0 | H22: =H21+H20+H18+H17 -> 0 | I22: =I21+I20+I18+I17 -> 0 | J22: =J21+J20+J18+J17 -> 0 | K22: =K21+K20+K18+K17 -> 0 | L22: =L21+L20+L18+L17 -> 0 | ... P22: =P21+P20+P18+P17 -> 0 | Q22: 0 | R22: =R21+R20+R18+R17 -> 21.96 | S22: =S21+S20+S18+S17 -> 19.96 | T22: =T21+T20+T18+T17 -> 19.96 | U22: =U21+U20+U18+U17 -> 19.96 | V22: =V21+V20+V18+V17 -> 19.46 | W22: =W21+W20+W18+W17 -> 19.3 | X22: =X21+X20+X18+X17 -> 19.3 | Y22: =Y21+Y20+Y18+Y17 -> 18.8 | ... AJ22: =AJ21+AJ20+AJ18+AJ17 -> 11.416
B24: (a) Current incumbent FTE data is not available.
B26: Note: The PPM is for informational purposes and to set a personnel baseline for reasonability in staffing.

Sheet PPM - Transition
B1: VA-240322-PSLI - Mainframe Services
B2: Personnel Projection Matrix
B3: Mainframe Services - TRANSITION
C5: Incumbent | AI5: Renewal Option 1 | AJ5: Renewal Option 2
B6: Mainframe Services (TRANSITION) | C6: Supplier | E6: Year -1 | Q6: At Commencement Date | R6: Year 1 | AD6: Year 2
C7: FTEs | E7: Mo -12 | F7: Mo -11 | G7: Mo -10 | H7: Mo -9 | I7: Mo -8 | J7: Mo -7 | K7: Mo -6 | L7: Mo -5 | M7: Mo -4 | N7: Mo -3 | O7: Mo -2 | P7: Mo -1 | R7: Mo 1 | S7: Mo 2 | T7: Mo 3 | U7: Mo 4 | V7: Mo 5 | W7: Mo 6 | X7: Mo 7 | Y7: Mo 8 | Z7: Mo 9 | AA7: Mo 10 | AB7: Mo 11 | AC7: Mo 12 | AD7: Qtr. 1 | AE7: Qtr. 2 | AF7: Qtr. 3 | AG7: Qtr. 4 | AH7: Year 3 | AI7: Year 4 | AJ7: Year 5
B8: Section 1 | Q8: 45444
B9: Incumbent Supplier Personnel | C9: (a) | E9: =E22 -> 0 | F9: =F22 -> 0 | G9: =G22 -> 0 | H9: =H22 -> 0 | I9: =I22 -> 0 | J9: =J22 -> 0 | K9: =K22 -> 0 | L9: =L22 -> 0 | ... P9: =P22 -> 3.7 | Q9: 0 | R9: =R22 -> 0.75333 | S9: =S22 -> 0.75333 | T9: =T22 -> 0.75333 | U9: =U22 -> 0.75333 | V9: =V22 -> 0.75333 | W9: =W22 -> 0.75333 | X9: =X22 -> 0 | Y9: =Y22 -> 0 | ... AJ9: =AJ22 -> 0
B10: Supplier FTEs | E10: 0 | F10: 0 | G10: 0 | H10: 0 | I10: 0 | J10: 0 | K10: 0 | L10: 0 | M10: 0 | N10: 0 | O10: 0 | P10: 0 | Q10: 0 | R10: 0 | S10: 0 | T10: 0 | U10: 0 | V10: 0 | W10: 0 | X10: 0 | Y10: 0 | Z10: 0 | AA10: 0 | AB10: 0 | AC10: 0 | AD10: 0 | AE10: 0 | AF10: 0 | AG10: 0 | AH10: 0 | AI10: 0 | AJ10: 0
B11: TOTAL | E11: =SUM(E9:E10) -> 0 | F11: =SUM(F9:F10) -> 0 | G11: =SUM(G9:G10) -> 0 | H11: =SUM(H9:H10) -> 0 | I11: =SUM(I9:I10) -> 0 | J11: =SUM(J9:J10) -> 0 | K11: =SUM(K9:K10) -> 0 | L11: =SUM(L9:L10) -> 0 | ... P11: =SUM(P9:P10) -> 3.7 | Q11: 0 | R11: =SUM(R9:R10) -> 0.75333 | S11: =SUM(S9:S10) -> 0.75333 | T11: =SUM(T9:T10) -> 0.75333 | U11: =SUM(U9:U10) -> 0.75333 | V11: =SUM(V9:V10) -> 0.75333 | W11: =SUM(W9:W10) -> 0.75333 | X11: =SUM(X9:X10) -> 0 | Y11: =SUM(Y9:Y10) -> 0 | ... AJ11: =SUM(AJ9:AJ10) -> 0
B12: Section 2
B13: Supplier FTEs - Service Delivery Onsite | E13: 0 | F13: 0 | G13: 0 | H13: 0 | I13: 0 | J13: 0 | K13: 0 | L13: 0 | M13: 0 | N13: 0 | O13: 0 | P13: 0 | Q13: 0 | R13: 0 | S13: 0 | T13: 0 | U13: 0 | V13: 0 | W13: 0 | X13: 0 | Y13: 0 | Z13: 0 | AA13: 0 | AB13: 0 | AC13: 0 | AD13: 0 | AE13: 0 | AF13: 0 | AG13: 0 | AH13: 0 | AI13: 0 | AJ13: 0
B14: Supplier FTEs - Service Delivery Offsite | E14: 0 | F14: 0 | G14: 0 | H14: 0 | I14: 0 | J14: 0 | K14: 0 | L14: 0 | M14: 0 | N14: 0 | O14: 0 | P14: 0 | Q14: 0 | R14: 0 | S14: 0 | T14: 0 | U14: 0 | V14: 0 | W14: 0 | X14: 0 | Y14: 0 | Z14: 0 | AA14: 0 | AB14: 0 | AC14: 0 | AD14: 0 | AE14: 0 | AF14: 0 | AG14: 0 | AH14: 0 | AI14: 0 | AJ14: 0
B15: TOTAL | E15: =SUM(E13:E14) -> 0 | F15: =SUM(F13:F14) -> 0 | G15: =SUM(G13:G14) -> 0 | H15: =SUM(H13:H14) -> 0 | I15: =SUM(I13:I14) -> 0 | J15: =SUM(J13:J14) -> 0 | K15: =SUM(K13:K14) -> 0 | L15: =SUM(L13:L14) -> 0 | M15: =SUM(M13:M14) -> 0 | N15: 0 | O15: 0 | P15: 0 | Q15: 0 | R15: 0 | S15: 0 | T15: 0 | U15: 0 | V15: 0 | W15: 0 | X15: =SUM(X13:X14) -> 0 | Y15: =SUM(Y13:Y14) -> 0 | Z15: =SUM(Z13:Z14) -> 0 | AA15: =SUM(AA13:AA14) -> 0 | AB15: =SUM(AB13:AB14) -> 0 | AC15: =SUM(AC13:AC14) -> 0 | AD15: =SUM(AD13:AD14) -> 0 | AE15: =SUM(AE13:AE14) -> 0 | ... AJ15: =SUM(AJ13:AJ14) -> 0
B16: Section 3
B17: Account Management | E17: 0 | F17: 0 | G17: 0 | H17: 0 | I17: 0 | J17: 0 | K17: 0 | L17: 0 | M17: 0 | N17: 0.7 | O17: 0.7 | P17: 0.7 | Q17: 0 | R17: 0 | S17: 0 | T17: 0 | U17: 0 | V17: 0 | W17: 0 | X17: 0 | Y17: 0 | Z17: 0 | AA17: 0 | AB17: 0 | AC17: 0 | AD17: 0 | AE17: 0 | AF17: 0 | AG17: 0 | AH17: 0 | AI17: 0 | AJ17: 0
B18: Cross-Functional | E18: 0 | F18: 0 | G18: 0 | H18: 0 | I18: 0 | J18: 0 | K18: 0 | L18: 0 | M18: 0 | N18: 0.8 | O18: 2.8 | P18: 2.8 | Q18: 0 | R18: 0 | S18: 0 | T18: 0 | U18: 0 | V18: 0 | W18: 0 | X18: 0 | Y18: 0 | Z18: 0 | AA18: 0 | AB18: 0 | AC18: 0 | AD18: 0 | AE18: 0 | AF18: 0 | AG18: 0 | AH18: 0 | AI18: 0 | AJ18: 0
B19: Mainframe Services
B20: Mainframe Support (Compute, Storage, SW, Sec, Monitoring, Batch, etc.) | E20: 0 | F20: 0 | G20: 0 | H20: 0 | I20: 0 | J20: 0 | K20: 0 | L20: 0 | M20: 0 | N20: 0.2 | O20: 0.2 | P20: 0.2 | Q20: 0 | R20: 0.75333 | S20: 0.75333 | T20: 0.75333 | U20: 0.75333 | V20: 0.75333 | W20: 0.75333 | X20: 0 | Y20: 0 | Z20: 0 | AA20: 0 | AB20: 0 | AC20: 0 | AD20: 0 | AE20: 0 | AF20: 0 | AG20: 0 | AH20: 0 | AI20: 0 | AJ20: 0
B21: Database Support | E21: 0 | F21: 0 | G21: 0 | H21: 0 | I21: 0 | J21: 0 | K21: 0 | L21: 0 | M21: 0 | N21: 0 | O21: 0 | P21: 0 | Q21: 0 | R21: 0 | S21: 0 | T21: 0 | U21: 0 | V21: 0 | W21: 0 | X21: 0 | Y21: 0 | Z21: 0 | AA21: 0 | AB21: 0 | AC21: 0 | AD21: 0 | AE21: 0 | AF21: 0 | AG21: 0 | AH21: 0 | AI21: 0 | AJ21: 0
B22: TOTAL | E22: =SUM(E17:E21) -> 0 | F22: =SUM(F17:F21) -> 0 | G22: =SUM(G17:G21) -> 0 | H22: =SUM(H17:H21) -> 0 | I22: =SUM(I17:I21) -> 0 | J22: =SUM(J17:J21) -> 0 | K22: =SUM(K17:K21) -> 0 | L22: =SUM(L17:L21) -> 0 | ... P22: =SUM(P17:P21) -> 3.7 | Q22: 0 | R22: =SUM(R17:R21) -> 0.75333 | S22: =SUM(S17:S21) -> 0.75333 | T22: =SUM(T17:T21) -> 0.75333 | U22: =SUM(U17:U21) -> 0.75333 | V22: =SUM(V17:V21) -> 0.75333 | W22: =SUM(W17:W21) -> 0.75333 | X22: =SUM(X17:X21) -> 0 | Y22: =SUM(Y17:Y21) -> 0 | ... AJ22: =SUM(AJ17:AJ21) -> 0
B24: (a) Current incumbent FTE data is not available.
B26: Note: The PPM is for informational purposes and to set a personnel baseline for reasonability in staffing.
